 Dungeon Crawl Stone Soup version 0.30.0-29-ga12c61a403 (webtiles) character file.

Game seed: 17900092628075101089

532 Bnni the Digger (level 7, -2/45 (51) HPs)
             Began as a Formicid Earth Elementalist on June 20, 2023.
             Slain by Ijyb
             ... wielding a +3 dagger of draining
              (8 damage)
             ... on level 3 of the Dungeon.
             The game lasted 00:05:27 (2863 turns).

Bnni the Digger (Formicid Earth Elementalist)       Turns: 2863, Time: 00:05:28

HP:   -2/45 (51)    AC:  3    Str: 19      XL:     7   Next: 49%
MP:   5/12          EV: 11    Int: 16      God:
Gold: 241           SH:  4    Dex: 13 (14) Spells: 2/12 levels left

rFire   + . .        u - +1 dagger (venom)
rCold   + . .        q - +0 buckler
rNeg    . . .        p - +0 leather armour
rPois   +            (helmet unavailable)
rElec   +            (no cloak)
rCorr   +            (no gloves)
SInv    +            (no boots)
Will    .....        (no amulet)
Stlth   ++           h - +6 ring of strength
HPRegen 0.27/turn    (no ring)
MPRegen 0.13/turn

%: no passive effects
@: resistant, heavily drained
A: permanent stasis, dig shafts and tunnels, antennae 3, four strong arms
a: Dig, Shaft Self


You were on level 3 of the Dungeon.
You visited 1 branch of the dungeon, and saw 3 of its levels.
You also visited: Sewer.

You collected 241 gold pieces.

Inventory:

Hand Weapons
 u - a +1 dagger of venom (weapon)
Missiles
 o - 20 poisoned darts
Armour
 i - a +0 ring mail
 p - a +0 leather armour (worn)
 q - a +0 buckler (worn)
Jewellery
 h - a +6 ring of strength (left hand)
Wands
 r - a wand of light (9)
 x - a wand of charming (3)
Scrolls
 a - a scroll of poison {unknown}
 c - a scroll of fear {unknown}
 e - 3 scrolls of teleportation {unknown}
 f - a scroll of vulnerability {unknown}
 g - a scroll of noise {unknown}
 m - a scroll of blinking {unknown}
 n - a scroll of identify {unknown}
 s - a scroll of magic mapping {unknown}
 y - a scroll of amnesia {unknown}
Potions
 b - a potion of magic
 d - a potion of ambrosia {unknown}
 j - 2 potions of resistance
 k - a potion of haste {unknown}
 l - a potion of experience {unknown}
 t - a potion of degeneration {unknown}
 v - 2 potions of curing {unknown}
 w - 3 potions of invisibility {unknown}
 z - a potion of mutation {unknown}


   Skills:
 + Level 2.4 Fighting
 - Level 1.7 Dodging
 - Level 2.4 Stealth
 + Level 3.0 Shields
 + Level 3.3 Spellcasting
 - Level 3.0 Conjurations
 - Level 3.0 Transmutations
 * Level 5.9 Earth Magic


You had 2 spell levels left.
You knew the following spells:

 Your Spells              Type           Power      Damage    Failure   Level
a - Sandblast             Erth           42%        2d11      2%          1
b - Passwall              Tmut/Erth      14%        N/A       7%          2
c - Stone Arrow           Conj/Erth      34%        3d9       13%         3
d - Petrify               Tmut/Erth      17%        N/A       41%         4

Your spell library contained the following spells:

 Spells                   Type           Power      Damage    Failure   Level
 Freeze                   Ice            8%         1d3       26%         1
 Summon Small Mammal      Summ           8%         N/A       26%         1
 Portal Projectile        Hex/Tloc       4%         N/A       63%         3
 Summon Guardian Golem    Hex/Summ       2%         N/A       63%         3
 Tukima's Dance           Hex            2%         N/A       63%         3
 Blade Hands              Tmut           6%         N/A       91%         5
 Malign Gateway           Summ/Tloc      1%         N/A       100%        7
 Summon Horrible Things   Summ           1%         N/A       100%        8


Dungeon Overview and Level Annotations

Branches:
Dungeon (3/15)              Sewer (visited)

Altars:
Sif Muna

Annotations:
D:3 Ijyb


Innate Abilities, Weirdness & Mutations

You cannot be hasted, slowed, berserked, paralysed or teleported.
You can dig through walls and to a lower floor.
You have a pair of large antennae on your head. (SInv)
Your four strong arms can wield two-handed weapons with a shield.


Message History

Aim: Ijyb, wielding a +3 dagger of draining and wearing a +0 ring mail (lightly wounded, strong, 81% to hit)
The blast of sand hits Ijyb but does no damage.
Ijyb is lightly wounded.
Ijyb closely misses you. Ijyb barely misses you.
Okay, then.
You barely miss Ijyb.
Ijyb is lightly wounded.
You block Ijyb's attack.
Unknown command.
You hit Ijyb.
Ijyb is poisoned.
Ijyb is moderately wounded.
Ijyb hits you with a +3 dagger of draining.
You feel drained.
Unknown command.
Aiming: Sandblast (safe; 2% risk of failure)
Press: ? - help, Q - select action, (/) - cycle Shift-Dir - straight line, f/p - Ijyb
Aim: Ijyb, wielding a +3 dagger of draining and wearing a +0 ring mail (lightly wounded, strong, very poisoned, 81% to hit)
The blast of sand misses Ijyb.
Ijyb closely misses you.
Unknown command.
Aiming: Sandblast (safe; 2% risk of failure)
Press: ? - help, Q - select action, (/) - cycle Shift-Dir - straight line, f/p - Ijyb
Aim: Ijyb, wielding a +3 dagger of draining and wearing a +0 ring mail (lightly wounded, strong, very poisoned, 81% to hit)
The blast of sand hits Ijyb but does no damage.
Ijyb is lightly wounded.
Ijyb closely misses you. Ijyb barely misses you.
Aiming: Sandblast (safe; 2% risk of failure)
Press: ? - help, Q - select action, (/) - cycle Shift-Dir - straight line, f/p - Ijyb
Aim: Ijyb, wielding a +3 dagger of draining and wearing a +0 ring mail (lightly wounded, strong, very poisoned, 81% to hit)
The blast of sand hits Ijyb but does no damage.
Ijyb is lightly wounded.
Ijyb hits you with a +3 dagger of draining!
* * * LOW HITPOINT WARNING * * *
You feel drained.
* * * LOW HITPOINT WARNING * * *
Unknown command.
It was a potion of resistance.
You feel protected.
Ijyb hits you with a +3 dagger of draining!
You die...

## #### ##.##
..###...##
#.##.....##
##.####.#.......###
...................
.....#@#.......#
#....g.##.....##
#.....#####>..##
...... ##.########
..... ##.......#
..... #####.##.....
#... #......# #.#
##.# #.>....#
#......#


You could see Ijyb (strong, poisoned).

Vanquished Creatures
  Grinder (Sewer)
  A kobold brigand (Sewer)
  2 quasits (Sewer)
  5 adders (D:3)
  3 river rats (D:3)
  2 shadow imps (Sewer)
  An ufetubus (Sewer)
  3 worms
  2 dart slugs
  4 orcs (D:3)
  12 ball pythons
  An endoplasm (D:2)
  4 giant cockroaches
  6 goblins
  6 hobgoblins
  6 jackals (D:1)
  2 quokkas (D:1)
  5 bats
  3 frilled lizards
  20 kobolds
  8 rats
97 creatures vanquished.

Vanquished Creatures (others)
  3 endoplasms (Sewer)
3 creatures vanquished.

Grand Total: 100 creatures vanquished

Notes
Turn   | Place    | Note
-------+----------+-------------------------------------------
     0 | D:1      | Bnni the Formicid Earth Elementalist began the quest for
                  | the Orb.
     0 | D:1      | Reached XP level 1. HP: 13/13 MP: 3/3
   179 | D:1      | Reached XP level 2. HP: 19/19 MP: 3/5
   389 | D:1      | Reached skill level 4 in Earth Magic
   410 | D:1      | Reached XP level 3. HP: 25/25 MP: 4/6
   414 | D:1      | Got the Incunabulum of the Frigorific Gathering
   426 | D:1      | Learned a level 2 spell: Passwall
   430 | D:1      | Learned a level 3 spell: Stone Arrow
   457 | D:1      | Reached skill level 1 in Conjurations
  1096 | D:2      | Reached XP level 4. HP: 26/31 MP: 7/7
  1172 | D:2      | Reached skill level 1 in Fighting
  1700 | D:3      | Reached XP level 5. HP: 32/37 MP: 8/8
  1776 | D:3      | Reached skill level 1 in Shields
  1806 | D:3      | Found a glowing drain.
  1861 | Sewer    | Entered a sewer
  1978 | Sewer    | Noticed a kobold brigand
  1991 | Sewer    | Killed a kobold brigand
  1992 | Sewer    | Reached skill level 5 in Earth Magic
  1992 | Sewer    | Reached XP level 6. HP: 7/44 MP: 5/10
  2122 | Sewer    | Found a burning altar of Makhleb.
  2134 | Sewer    | Noticed Grinder
  2149 | Sewer    | Killed Grinder
  2150 | Sewer    | Reached XP level 7. HP: 28/51 MP: 0/11
  2373 | D:3      | Learned a level 4 spell: Petrify
  2701 | D:3      | Found a shimmering blue altar of Sif Muna.
  2847 | D:3      | Noticed Ijyb
  2863 | D:3      | Slain by Ijyb

Illustrated notes

Levels and vault maps discovered:
D:1:      scummos_arrival_simple_fountains, layout_basic, nicolae_wormholes
D:2:      layout_basic, minmay_circle_x
D:3:      layout_loops_cross, mainiacjoe_overflow_tiny_flanked,
          lightli_sewer_entry_pipes, hex_large, glass_columns_a,
          lightli_corner_chamber, uniq_ijyb

Skill      XL: |  1  2  3  4  5  6  7 |
---------------+----------------------+-----
Earth Magic    | 4 5 |  5.9
Conjurations   | 1 2 3 |  3.0
Transmutations | 2 3 |  3.0
Fighting       | 1 2 |  2.4
Shields        | 1 2 3 |  3.0
Spellcasting   | 3 |  3.3
Dodging        | |  1.7
Stealth        | |  2.4

Action                     |  1- 3 |  4- 6 |  7- 9 || total
---------------------------+-------+-------+-------++-------
  Melee: Unarmed           |    14 |       |       ||    14
         Spear             |    45 |    49 |       ||    94
         Dagger            |       |    31 |     4 ||    35
   Cast: Sandblast         |    28 |    57 |    28 ||   113
    Use: Potion            |       |       |     1 ||     1
   Stab: Sleeping          |     1 |     3 |       ||     4
 Armour: Robe              |    15 |     1 |       ||    16
         Leather armour    |       |    27 |     4 ||    31
  Dodge: Dodged            |    58 |    81 |    11 ||   150
  Block: Buckler           |       |    29 |     2 ||    31
